 Dungeon Crawl Stone Soup version 0.29-a0-284-gf9362112df (webtiles) character file.

Game seed: 8558820152152554107

322 sammy202020 the Skirmisher (level 6, -3/52 HPs)
             Began as a Palentonga Fighter on Mar 26, 2022.
             Killed from afar by Dowan (13 damage)
             ... with a shard of ice
             ... on level 4 of the Dungeon.
             The game lasted 00:07:35 (3427 turns).

sammy202020 the Skirmisher (Palentonga Fighter)     Turns: 3427, Time: 00:07:35

Health: -3/52      AC: 13    Str: 19    XL:     6   Next: 22%
Magic:  6/6        EV:  3    Int: 10    God:
Gold:   197        SH:  4    Dex: 10    Spells: 5/5 levels left

rFire   . . .      SeeInvis +   a - +1 war axe
rCold   . . .      Faith    .   c - +0 buckler
rNeg    . . .      Spirit   .   j - +0 plate armour
rPois   .          Reflect  .   (no helmet)
rElec   .          Harm     .   (no cloak)
rCorr   .          Rampage  .   (no gloves)
Will    .....                   (no barding)
Stlth   ..........              (no amulet)
HPRegen 0.17/turn               l - +4 ring of protection
MPRegen 0.10/turn               (no ring)

@: mighty
A: large, rugged brown scales 3, see invisible, deformed body, roll 1, armoured
tail
a: Rolling Charge


You were on level 4 of the Dungeon.
You visited 1 branch of the dungeon, and saw 4 of its levels.

You collected 197 gold pieces.

Inventory:

Hand Weapons
 a - a +1 war axe (weapon)
 k - a +0 flail
 t - a +0 war axe
Missiles
 u - a throwing net
Armour
 c - a +0 buckler (worn)
 j - a +0 plate armour (worn)
Jewellery
 l - a +4 ring of protection (left hand)
Wands
 n - a wand of polymorph (11)
Scrolls
 b - a scroll of enchant armour
 g - 2 scrolls of fog
Potions
 d - 2 potions of might
 f - a potion of haste
 h - a potion of berserk rage
 i - 2 potions of brilliance
 m - 2 potions of curing


   Skills:
 * Level 4.4 Fighting
 * Level 3.9 Axes
 * Level 3.6 Armour
 + Level 3.1 Shields


You had 5 spell levels left.
You didn't know any spells.
Your spell library was empty.

Dungeon Overview and Level Annotations

Branches:
Dungeon (4/15)
 Temple: D:4-7

Altars:
Nemelex Xobeh

Shops:
D:3 =

Annotations:
D:4 Dowan


Innate Abilities, Weirdness & Mutations

You are completely covered in rugged brown scales. (AC +3, +7% HP)
You have supernaturally acute eyesight. (SInv)
Armour fits poorly on your strangely shaped body.
You can roll at nearby foes to attack.
You have a long armoured tail.


Message History

Dowan is moderately wounded.
Dowan hits you with a +0 dagger.
You slash Duvessa! You tail-slap Duvessa!
Duvessa is heavily wounded.
You block Duvessa's attack.
You closely miss Duvessa.
Duvessa is moderately wounded.
Duvessa barely misses you.
You slash Duvessa!
Your tail-slap misses Duvessa.
Duvessa is severely wounded.
Duvessa hits you but does no damage.
Duvessa gestures with her weapon.
Duvessa hits you with a +0 short sword!
You slash Duvessa!
Duvessa is almost dead.
Duvessa gestures with her weapon.
Duvessa hits you but does no damage.
Unknown command.
You slash Duvessa!
You kill Duvessa!
Dowan seems overcome with grief.
Dowan seems to find hidden reserves of power!
Dowan completely misses you.
You have reached level 6!
You miss Dowan.
Your tail-slap misses Dowan.
Dowan is moderately wounded.
You block Dowan's attack. Dowan casts a spell at you. The stone arrow hits you!
You barely miss Dowan.
Your tail-slap misses Dowan.
Dowan is moderately wounded.
Dowan hits you with a +0 dagger.
Dowan mumbles some strange words.
Dowan blinks!
Dowan points at you and mumbles some strange words.
The stone arrow hits you!
* * * LOW HITPOINT WARNING * * *
Dowan points at you and mumbles some strange words.
The shard of ice hits you!
You die...

.#######<#
#.##### #.....#
#.#######.#####
#..........#
####.....#
#.##..# #.##..#
#@##..#
#..........
#.#.##..##.
#e#.##..... #
#.###.##. ###


You could see Dowan (fast).

Vanquished Creatures
  Duvessa (D:4)
  An ogre (D:3)
  7 adders
  3 worms (D:2)
  2 dart slugs (D:1)
  2 orcs (D:3)
  3 endoplasms
  3 giant cockroaches
  2 hobgoblins (D:1)
  4 kobolds
  4 quokkas
  9 ball pythons
  7 bats
  5 frilled lizards
  5 goblins
  10 rats
68 creatures vanquished.

Notes
Turn   | Place    | Note
-------+----------+-------------------------------------------
     0 | D:1      | sammy202020 the Palentonga Fighter began the quest for the
                  | Orb.
     0 | D:1      | Reached XP level 1. HP: 19/19 MP: 1/1
   360 | D:1      | Reached XP level 2. HP: 25/25 MP: 2/2
   592 | D:1      | Found a faded altar of an unknown god.
   816 | D:1      | Reached XP level 3. HP: 30/31 MP: 3/3
  1400 | D:2      | Found a sparkling altar of Nemelex Xobeh.
  1405 | D:2      | Reached XP level 4. HP: 37/37 MP: 4/4
  1935 | D:3      | Noticed an ogre
  1942 | D:3      | Killed an ogre
  1943 | D:3      | Reached skill level 4 in Fighting
  1943 | D:3      | Reached XP level 5. HP: 20/44 MP: 5/5
  3176 | D:3      | Found Xuhamnin's Jewellery Shoppe.
  3415 | D:4      | Noticed Duvessa
  3415 | D:4      | Noticed Dowan
  3424 | D:4      | Killed Duvessa
  3425 | D:4      | Reached XP level 6. HP: 40/52 MP: 6/6
  3427 | D:4      | Killed from afar by Dowan

Illustrated notes

Levels and vault maps discovered:
D:1:      nzn_arrival_water_spiral, layout_loops_ring,
          chequers_ecumenical_altar_simple
D:2:      layout_rooms, basic_altar, eino_tiny_chamber, grunt_ministairs_10,
          minivault_25
D:3:      layout_basic, serial_shops, shop_coins, minmay_misc_feat_four_crosses,
          minmay_snake_closets
D:4:      kennysheep_six_static_rooms, layout_loops_ring,
          nicolae_ossuary_entry_giza, kennysheep_generic_room_12, uniq_duvessa

Skill      XL: |  1  2  3  4  5 |
---------------+----------------+-----
Armour         | 3 |  3.6
Fighting       | 4 |  4.4
Axes           | 3 |  3.9
Shields        | 3 |  3.1

Action                   |  1- 3 |  4- 6 || total
-------------------------+-------+-------++-------
Melee: War axe           |   109 |    90 ||   199
       Tailslap          |    13 |     6 ||    19
 Abil: Rolling Charge    |    17 |     3 ||    20
  Use: Scroll            |     4 |     8 ||    12
       Potion            |     1 |     2 ||     3
Armor: Scale mail        |    77 |       ||    77
       Plate armour      |       |    58 ||    58
Dodge: Dodged            |    51 |    14 ||    65
Block: Buckler           |    25 |    12 ||    37

Table legend: (Time is in decaauts)
 A = Elapsed time spent in this place.
 B = Non-inter-level travel time spent in this place.
 C = Inter-level travel time spent in this place.
 D = Time resting spent in this place.
 E = Time spent auto-exploring this place.
 F = Levels seen in this place.
 G = Mean time per level.
                   A        B        C        D        E       F      G
               +--------+--------+--------+--------+--------+-----+--------+
         Total |   3514 |   3432 |     82 |    519 |   2259 |   4 |  878.5 |
       Dungeon |   3514 |   3432 |     82 |    519 |   2259 |   4 |  878.5 |
               +--------+--------+--------+--------+--------+-----+--------+

Top non-repeatable levels by time:
     D:3: 1641 daAuts
     D:2: 931 daAuts
     D:1: 904 daAuts
     D:4: 37 daAuts
